 Dungeon Crawl Stone Soup version 0.21.0 (webtiles) character file.

205 KamiKatze the Covered (level 5, -6/28 HPs)
             Began as a Vine Stalker Fighter on Jan 8, 2018.
             Killed from afar by an orc (17 damage)
             ... with a wand of acid (6)
             ... on level 3 of the Dungeon.
             The game lasted 00:05:38 (1549 turns).

KamiKatze the Covered (Vine Stalker Fighter)        Turns: 1549, Time: 00:05:38

Health: -6/28      AC:  5    Str: 20    XL:     5   Next: 83%
Magic:  0/6        EV:  7    Int:  8    God:
Gold:   45         SH:  9    Dex: 13    Spells: 4/4 levels left

rFire    . . .     SeeInvis +   a - +0 short sword (elec)
rCold    . . .     Gourm    .   c - +0 shield
rNeg     . . .     Faith    .   l - +0 scale mail
rPois    .         Spirit   +   (no helmet)
rElec    .         Reflect  .   (no cloak)
rCorr    .         Harm     .   h - +1 pair of gloves
MR       .....                  (no boots)
Stlth    ..........             (no amulet)
HPRegen  0.49/turn              o - ring of see invisible
MPRegen  0.10/turn              (no ring)

@: corroded
A: fangs 2, regeneration 1, magic shield, antimagic bite, no potion heal 3, rot
immunity
a: no special abilities


You were on level 3 of the Dungeon.
You were not hungry.

You visited 1 branch of the dungeon, and saw 3 of its levels.

You collected 45 gold pieces.

Inventory:

Hand Weapons
 a - a +0 short sword of electrocution (weapon)
 b - a +0 rapier
Missiles
 e - 85 stones (quivered)
 g - 3 tomahawks
Armour
 c - a +0 shield (worn)
 h - a +1 pair of gloves (worn)
 l - a +0 scale mail (worn)
 s - a +0 chain mail
Jewellery
 o - a ring of see invisible (left hand)
Scrolls
 j - a scroll of enchant armour
 m - a scroll of noise {unknown}
 p - a scroll of remove curse {unknown}
 r - 2 scrolls of magic mapping {unknown}
Potions
 d - a potion of might
 i - a potion of curing {unknown}
 k - 2 potions of berserk rage {unknown}
 n - 2 potions of agility {unknown}
 q - a potion of flight {unknown}
Comestibles
 f - 4 rations
 t - 2 chunks of flesh


   Skills:
 + Level 3.2 Fighting
 * Level 3.4 Short Blades
 * Level 3.5 Armour
 + Level 3.3 Shields


You had 4 spell levels left.
You didn't know any spells.

Dungeon Overview and Level Annotations

Branches:
Dungeon (3/15)

Altars:
Cheibriados
Makhleb
The Shining One


Innate Abilities, Weirdness & Mutations

You have extremely sharp teeth.
Your natural rate of healing is unusually fast.
When hurt, damage is shared between your health and your magic reserves.
Your bite disrupts and absorbs the magic of your enemies.
Potions cannot restore your health.
You are immune to rotting.


Message History

The orc shouts!
The orc zaps a wand.
The bolt of acid hits you!
Ouch! That really hurt!
The acid corrodes you!
You are splashed with acid!
The acid burns!
* * * LOW HITPOINT WARNING * * *
It is a wand of acid (6).
You are too injured to fight recklessly!
You are too injured to fight recklessly!
You are too injured to fight recklessly!
Unknown command.
You block the rat's attack. The rat bites you but does no damage.
The rat bites you but does no damage. The rat barely misses you.
You block the rat's attack.
The orc zaps a wand.
The bolt of acid hits the rat.
The rat is splashed with acid.
The acid corrodes the rat!
The rat dies!
The bolt of acid hits you!
Ouch! That really hurt!
You die...

##.## #.# #.#.#...
.####...#####.####.#.#####
......_....)))..<#.#......
####...#####.####.#######
##.## #........# #.#
##..###### #[# ##.#
##)#### #.# #..##@# #.#
#######.###†# #..
..........o.# ##.
............# .#
............###+#+#
.................
.........=.......
..................
............####..


You could see an orc.

Vanquished Creatures
  An orc priest (D:3)
  Jessica (D:2)
  Terence (D:2)
  5 adders (D:2)
  2 oozes (D:1)
  A worm (D:2)
  2 dart slugs
  3 leopard geckos
  4 orcs
  2 ball pythons
  4 goblins
  8 hobgoblins
  3 jackals (D:3)
  2 quokkas (D:2)
  7 bats
  3 frilled lizards
  9 kobolds
  7 rats
65 creatures vanquished.

Vanquished Creatures (others)
  A rat (D:3)
1 creature vanquished.

Grand Total: 66 creatures vanquished

Notes
Turn   | Place    | Note
-------+----------+-------------------------------------------
     0 | D:1      | KamiKatze the Vine Stalker Fighter began the quest for the Orb.
     0 | D:1      | Reached XP level 1. HP: 11/11 MP: 2/2
    64 | D:1      | Reached XP level 2. HP: 16/16 MP: 3/3
   363 | D:1      | Reached XP level 3. HP: 19/19 MP: 4/4
   391 | D:1      | Found a glowing golden altar of the Shining One.
   759 | D:2      | Noticed Jessica
   763 | D:2      | Killed Jessica
   763 | D:2      | Gained mutation: Your natural rate of healing is unusually fast. [Vine Stalker growth]
   763 | D:2      | Reached XP level 4. HP: 22/24 MP: 5/5
   898 | D:2      | Found a burning altar of Makhleb.
  1069 | D:2      | Reached XP level 5. HP: 26/28 MP: 6/6
  1115 | D:2      | Noticed Terence
  1154 | D:2      | Killed Terence
  1451 | D:3      | Found a snail-covered altar of Cheibriados.
  1549 | D:3      | Killed from afar by an orc

Skill      XL: |  1  2  3  4 |
---------------+-------------+-----
Short Blades   | 2 3 |  3.4
Shields        | 3 |  3.3
Fighting       | 3 |  3.2
Armour         | 3 |  3.5

Action                   |  1- 3 |  4- 6 || total
-------------------------+-------+-------++-------
Melee: Rapier            |    27 |       ||    27
       Bite              |    11 |    25 ||    36
       Short sword       |    41 |   107 ||   148
  Use: Scroll            |       |     1 ||     1
  Eat: Chunk             |       |     2 ||     2
Armor: Scale mail        |    27 |    37 ||    64
Dodge: Dodged            |    16 |    28 ||    44
Block: Shield            |    43 |    56 ||    99
